 Dungeon Crawl Stone Soup version 0.29.1-1-gd02db6906a (webtiles) character file.

Game seed: 292490438064851129

347714 LustLizard the Imperceptible (level 21, -7/110 HPs)
             Began as a Spriggan Arcane Marksman on Sept 27, 2022.
             Was the Champion of Dithmenos.
             Mangled by a tengu reaver
             ... wielding a +3 battleaxe
              (8 damage)
             ... on level 3 of the Vaults on Sept 28, 2022.
             The game lasted 03:26:08 (77389 turns).

LustLizard the Imperceptible (SpAM)                Turns: 77389, Time: 03:26:10

Health: -7/110     AC: 14    Str:  8    XL:     21   Next: 22%
Magic:  34/34      EV: 33    Int: 19    God:    Dithmenos [******]
Gold:   3135       SH: 18    Dex: 23    Spells: 26/36 levels left

rFire   . . .      SeeInvis +   E - +5 hand crossbow (freeze)
rCold   . . .      Faith    .   U - +3 buckler
rNeg    . . .      Spirit   .   B - +1 robe {Will+}
rPois   .          Reflect  +   (helmet restricted)
rElec   .          Harm     .   N - +2 cloak
rCorr   .          Rampage  .   (gloves unavailable)
Will    ++++.                   (boots unavailable) Stlth *******+++
                                p - amulet of reflection
HPRegen 0.28/turn               I - ring of the Endless Expanse {AC+4 Int+3}
MPRegen 0.24/turn               j - +4 ring of protection

@: lethally poisoned (-7 -> -10), wreathed by umbra, very quick
A: very small, no large weapons, unfitting armour, see invisible, speed 3
}: 2/15 runes: serpentine, barnacled
a: Renounce Religion, Shadow Step, Shadow Form


You were on level 3 of the Vaults.
You worshipped Dithmenos.
Dithmenos was exalted by your worship.
You visited 9 branches of the dungeon, and saw 38 of its levels.
You also visited: Ossuary.

You collected 4901 gold pieces.
You spent 1766 gold pieces at shops.

Inventory:

Hand Weapons
 E - a +5 hand crossbow of freezing (weapon)
Missiles
 K - 8 throwing nets
Armour
 n - a +2 robe of positive energy
 B - a +1 robe of willpower (worn)
 L - the +0 robe "Dowkav" {rPois rF+}
   (You bought it in a shop on level 7 of the Dungeon)

   rF:        It protects you from fire.
   rPois:     It protects you from poison.
 N - a +2 cloak (worn)
 U - a +3 buckler (worn)
Jewellery
 a - a ring of resist corrosion
 f - a +4 ring of evasion
 j - a +4 ring of protection (right hand)
 p - an amulet of reflection (around neck)
 r - a ring of willpower
 F - a ring of protection from fire
 I - the ring of the Endless Expanse (left hand) {AC+4 Int+3}
   (You bought it in a shop on level 4 of the Shoals)

   [ring of protection]

   AC:        It affects your AC (+4).
   Int:       It affects your intelligence (+3).
 Q - a ring of positive energy
 S - the ring of Trepidation {Wiz rN+ Will- Str-4 Dex+6}
   (You took it off an ironbound preserver on level 3 of the Vaults)

   [ring of wizardry]

   It improves your spell success rate.
   Str:       It affects your strength (-4).
   Dex:       It affects your dexterity (+6).
   rN:        It protects you from negative energy.
   Will:      It decreases your willpower.
 Y - a ring of flight
Wands
 h - a wand of flame (40)
 u - a wand of roots (38)
 v - a wand of charming (14)
 M - a wand of polymorph (17)
 P - a wand of mindburst (5)
 R - a wand of light (10)
 X - a wand of digging (15)
Scrolls
 b - 7 scrolls of poison
 c - 2 scrolls of amnesia
 l - 13 scrolls of butterflies
 m - 4 scrolls of teleportation
 x - a scroll of summoning
 y - a scroll of fear
 z - 5 scrolls of magic mapping
 A - a scroll of acquirement
 C - 2 scrolls of enchant armour
 G - 2 scrolls of silence
 V - 2 scrolls of torment
 Z - a scroll of blinking
Potions
 d - 3 potions of might
 e - 8 potions of resistance
 g - 2 potions of berserk rage
 i - 6 potions of curing
 k - a potion of ambrosia
 o - 2 potions of flight
 q - 9 potions of attraction
 s - 5 potions of magic
 t - 5 potions of mutation
 w - 9 potions of brilliance
 D - 3 potions of cancellation
 H - a potion of heal wounds
 J - 4 potions of haste
Miscellaneous
 O - a phantom mirror
 T - a box of beasts
 W - a lightning rod (4/4)


   Skills:
 + Level 11.8 Fighting
 + Level 19.3 Ranged Weapons
 - Level 16.0 Dodging
 + Level 23.6 Stealth
 * Level 10.9 Shields
 - Level 8.0 Spellcasting
 + Level 17.2 Hexes
 - Level 4.0 Translocations
 - Level 10.0 Invocations
 - Level 15.0 Evocations


You had 26 spell levels left.
You knew the following spells:

 Your Spells              Type           Power      Damage    Failure   Level
a - Slow                  Hex            100%       N/A       0%          1
b - Portal Projectile     Hex/Tloc       94%        N/A       1%          3
c - Cause Fear            Hex            32%        N/A       1%          4
d - Blink                 Tloc           44%        N/A       4%          2

Your spell library contained the following spells:

 Spells                   Type           Power      Damage    Failure   Level
 Dazzling Flash           Conj/Hex       80%        N/A       1%          3
 Inner Flame              Hex/Fire       40%        N/A       1%          3
 Summon Guardian Golem    Hex/Summ       40%        N/A       1%          3
 Anguish                  Hex/Necr       20%        N/A       4%          4
 Fulminant Prism          Conj/Hex       20%        3d13      4%          4
 Leda's Liquefaction      Hex/Erth       20%        N/A       4%          4
 Lesser Beckoning         Tloc           22%        N/A       9%          3
 Enfeeble                 Hex            32%        N/A       11%         7
 Silence                  Hex/Air        20%        N/A       12%         5
 Summon Mana Viper        Hex/Summ       40%        N/A       12%         5
 Yara's Violent Unravell  Hex/Tmut       20%        3d9       12%         5
 Foxfire                  Conj/Fire      28%        2x1d5     14%         1
 Magic Dart               Conj           28%        1d4       14%         1
 Sandblast                Erth           14%        2d6       14%         1
 Shock                    Conj/Air       28%        1d4       14%         1
 Sting                    Tmut/Pois      28%        1d4       14%         1
 Summon Small Mammal      Summ           28%        N/A       14%         1
 Call Imp                 Summ           7%         N/A       22%         2
 Poisonous Vapours        Pois/Air       14%        N/A       22%         2
 Searing Ray              Conj           14%        2d5       22%         2
 Wereblood                Tmut           7%         N/A       22%         2
 Call Canine Familiar     Summ           7%         N/A       41%         3
 Conjure Flame            Conj/Fire      7%         6-21      41%         3
 Ignite Poison            Fire/Tmut/Pois 7%         N/A       41%         3
 Mephitic Cloud           Conj/Pois/Air  7%         N/A       41%         3
 Ozocubu's Armour         Ice            7%         N/A       41%         3
 Spider Form              Tmut/Pois      7%         N/A       41%         3
 Swiftness                Air            7%         N/A       41%         3
 Manifold Assault         Tloc           22%        N/A       61%         5
 Airstrike                Air            3%         2d(1-17)  82%         4
 Flame Wave               Conj/Fire      7%         2d5       82%         4
 Hailstorm                Conj/Ice       7%         3d4       82%         4
 Olgreb's Toxic Radiance  Pois           7%         N/A       82%         4
 Sticky Flame             Conj/Fire      7%         2d3       82%         4
 Summon Lightning Spire   Summ/Air       7%         N/A       82%         4
 Agony                    Necr           7%         N/A       99%         5
 Alistair's Intoxication  Tmut/Pois      4%         N/A       99%         5
 Fireball                 Conj/Fire      3%         3d4       99%         5
 Lee's Rapid Deconstruct  Erth           3%         3d6*      99%         5
 Lightning Bolt           Conj/Air       3%         1d15      99%         5
 Eringya's Noxious Bog    Tmut/Pois      3%         N/A       100%        6
 Iron Shot                Conj/Erth      3%         9d2       100%        6
 Starburst                Conj/Fire      3%         6d3       100%        6
 Statue Form              Tmut/Erth      4%         N/A       100%        6
 Ozocubu's Refrigeration  Ice            3%         4d8       100%        7
 Storm Form               Tmut/Air       3%         N/A       100%        7
 Ignition                 Fire           3%         3d4       100%        8
 Maxwell's Capacitive Co  Air            3%         ∞         100%        8
 Necromutation            Tmut/Necr      3%         N/A       100%        8
 Summon Horrible Things   Summ           3%         N/A       100%        8


Dungeon Overview and Level Annotations

Branches:
Dungeon (15/15)            Temple (1/1) D:5            Lair (5/5) D:8
 Shoals (4/4) Lair:2        Snake (4/4) Lair:2        Slime (0/5) Lair:4
    Orc (2/2) D:9             Elf (2/3) Orc:2        Vaults (4/5) D:14
  Crypt (0/3) Vaults:3     Depths (1/4) D:15        Ossuary (visited)

Altars:
Ashenzari
Dithmenos
Elyvilon
Fedhas
Gozag
Hepliaklqana
Kikubaaqudgha
Makhleb
Qazlal
Sif Muna
Trog
Wu Jian
Zin
The Shining One
Jiyva
Lugonu

Shops:
D:1 (**!   D:6 (   D:7 *   D:12 !   D:14 *   D:15 !   Orc:1 (::!   Orc:2 :[(*
Elf:2 (   Shoals:2 (   Shoals:4 !*?=   Snake:3 =!?   Vaults:1 *   Vaults:2 (

Portals:
Abyss: Lair:5

Annotations:
D:7 3 runed translucent doors, xian's ghost, amateur DsAK
D:8 4 transporters
D:10 exclusion: 2 doors
D:11 Snorg
D:14 Jorgrun
Lair:1 exclusion: door
Lair:3 2 transporters, Xiemaice's ghost, journeyman DrFE
Shoals:4 Bai Suzhen; Nikola
Snake:3 Louise
Orc:1 Sonja
Elf:1 exclusion: 2 ice statues
Vaults:2 exclusion: 3 doors


Innate Abilities, Weirdness & Mutations

You are very small and have problems with some larger weapons.
You are too small for most types of armour.
You have supernaturally acute eyesight. (SInv)
You cover ground extremely quickly. (Speed+++)


Message History

The bolt freezes the tengu reaver.
The tengu reaver is severely wounded.
You feel very sick.
You are too injured to fight recklessly!
Unknown command.
Fire: E) +5 hand crossbow (freeze)
Press: ? - help, Q - select action, (/) - cycle Shift-Dir - straight line, f/p - tengu reaver
Aim: a tengu reaver, wielding a +3 battleaxe and wearing a +2 ring mail of fire resistance (black smoke, severely wounded, umbra, 65% to hit)
You shoot a bolt.
The bolt barely misses the tengu reaver.
You feel very sick. The tengu reaver casts a spell at you.
The bolt of cold misses you.
Fire: E) +5 hand crossbow (freeze)
Press: ? - help, Q - select action, (/) - cycle Shift-Dir - straight line, f/p - tengu reaver
Aim: a tengu reaver, wielding a +3 battleaxe and wearing a +2 ring mail of fire resistance (black smoke, severely wounded, umbra, 65% to hit)
You shoot a bolt.
The bolt hits the tengu reaver but does no damage.
The tengu reaver is severely wounded.
You feel very sick.
Fire: E) +5 hand crossbow (freeze)
Press: ? - help, Q - select action, (/) - cycle Shift-Dir - straight line, f/p - tengu reaver
Aim: a tengu reaver, wielding a +3 battleaxe and wearing a +2 ring mail of fire resistance (black smoke, severely wounded, umbra, 65% to hit)
You shoot a bolt. The bolt misses the tengu reaver.
You feel sick.
The tengu reaver points at you and mumbles some strange words.
The bolt of cold hits you!!!
* * * LOW HITPOINT WARNING * * *
You emit a cloud of dark smoke.
Fire: E) +5 hand crossbow (freeze)
Press: ? - help, Q - select action, (/) - cycle Shift-Dir - straight line, f/p - tengu reaver
Aim: a tengu reaver, wielding a +3 battleaxe and wearing a +2 ring mail of fire resistance (black smoke, severely wounded, umbra, 65% to hit)
You shoot a bolt.
The bolt closely misses the tengu reaver.
Your shadow shoots a bolt.
The bolt barely misses the tengu reaver.
* * * LOW HITPOINT WARNING * * *
You feel sick.
The tengu reaver hits you with a +3 battleaxe!
You die...

#......# #. #......# #.
#...)<.# #. #......#
######### #. #......#
#.......# #. #......#
#.......# #.
###'#######.......# #.
#..§§§§##.......# #.
#..§Q@§##.......# ##
#..§§§§##.......#
#..§§§.########'######
#...§.§')..........#..
#......'...........#.#
########..#######..#.#
##### #..#.[)#.#..#)#
##.#.###..###÷#'#..#.#
##^...^##..#.'.'.#..#.#


You could see a tengu reaver.

Vanquished Creatures
  Saint Roka (Orc:2)
  Vashnia (Snake:2)
  Mlioglotl (Snake:3)
  7 sphinxes
  Frances (Shoals:1)
  The ghost of TheUltimateLifeform the Warrior, an adept HOFi of Beogh (Snake:2)
  Kirke (Lair:2)
  A kraken (Shoals:4)
  The ghost of Dittersdorf the Severer, an adept MiBe of Trog (Snake:3)
  A tengu reaver (Vaults:3)
  Roxanne (Shoals:3)
  A revenant (Vaults:3)
  A fire giant (Vaults:3)
  2 azure jellies (Elf:1)
  2 nagarajas (Snake:4)
  A frost giant (Depths:1)
  An orc warlord (Vaults:4)
  10 vault wardens
  7 ironbound preservers
  A war gargoyle (Vaults:3)
  A very ugly thing (Vaults:1)
  A stone giant (Vaults:1)
  6 ironbound thunderhulks
  A green draconian (Vaults:3)
  2 deep elf demonologists
  Azrael (Snake:3)
  An entropy weaver (Vaults:2)
  A dire elephant (shapeshifter) (Vaults:4)
  21 dire elephants
  A yellow draconian (Vaults:3)
  2 deep elf death magi (Elf:2)
  A deep elf annihilator (Elf:2)
  3 crystal guardians (Vaults:4)
  A merfolk javelineer (Shoals:4)
  Josephine (Lair:3)
  8 yaktaur captains
  2 fire dragons
  A jiangshi (Vaults:3)
  5 merfolk impalers
  6 great orbs of eyes
  3 deep elf high priests
  4 salamander tyrants (Snake:4)
  17 vault guards
  3 rakshasas (D:15)
  2 ogre magi
  11 anacondas
  8 boulder beetles
  8 ironbound frosthearts
  2 peacekeepers (Vaults:4)
  5 hydras
  2 catoblepae
  A death knight (D:14)
  4 merfolk aquamancers
  3 alligator snapping turtles
  21 naga warriors
  8 centaur warriors
  5 merfolk avatars
  6 two-headed ogres
  29 dancing weapons
  2 tengu warriors
  13 death yaks
  2 orc high priests (Orc:2)
  4 thrashing horrors (Lair:5)
  Urug (Orc:2)
  14 shock serpents
  A soul eater (Depths:1)
  2 hell knights
  A sun demon (D:15)
  17 deep elf knights
  9 naga sharpshooters
  Nergalle (Orc:2)
  6 skeletal warriors
  A death drake (Elf:1)
  18 deep trolls
  11 salamander mystics
  17 sea snakes
  5 naga ritualists
  A swamp dragon (D:8)
  A swamp dragon (shapeshifter) (D:15)
  13 deep elf archers
  9 ironbound convokers
  2 phantasmal warriors (Vaults:4)
  5 wizards
  A lindwurm (shapeshifter) (Vaults:4)
  9 harpies
  5 necromancers
  13 lindwurms
  5 orc knights
  25 deep elf zephyrmancers
  30 deep elf pyromancers
  A wolf spider (Elf:1)
  10 cyclopes
  6 ugly things
  2 mana vipers
  17 manticores
  2 orc sorcerers (Orc:2)
  24 salamanders
  4 fauns
  11 vault sentinels
  Joseph (D:10)
  4 merfolk sirens
  6 elephants (Lair:5)
  A smoke demon (Lair:5)
  3 torpor snails
  10 guardian serpents
  4 water nymphs
  23 naga magi
  26 black mambas
  An unseen horror (D:10)
  11 cane toads
  17 yaktaurs
  4 gargoyles
  A kobold demonologist (D:13)
  4 rime drakes
  2 efreet (D:13)
  12 komodo dragons
  3 meliai (D:13)
  An ancient zyme (Lair:5)
  22 merfolk
  5 hornets
  5 polar bears
  8 trolls
  2 tarantellas (Elf:1)
  Prince Ribbit (D:7)
  26 blink frogs
  11 wind drakes
  A tengu simulacrum (Vaults:4)
  9 snapping turtles
  32 dream sheep
  31 slime creatures
  4 raiju (Elf:1)
  Sigmund (D:3)
  2 large abominations (Lair:5)
  A culicivora (shapeshifter) (Lair:5)
  7 wyverns
  4 shadows
  2 ynoxinuls (Lair:5)
  A spriggan (Lair:5)
  An air elemental (Elf:2)
  5 basilisks
  15 water elementals
  8 fire elementals
  A golden eye (shapeshifter) (Lair:5)
  35 yaks
  6 wraiths
  Grum (D:10)
  3 fire bats (Lair:1)
  6 hogs
  11 vampire mosquitoes
  A chaos spawn (Lair:5)
  A vampire (D:12)
  3 redbacks (Elf:1)
  A spatial vortex (Elf:1)
  Menkaure (D:4)
  4 wargs
  An acid dragon (D:13)
  14 water moccasins
  50 nagas
  3 hell hounds (Snake:3)
  3 ice beasts
  3 sky beasts
  A black bear (Lair:4)
  35 orc warriors
  25 wolves
  2 black mamba simulacra (Elf:1)
  3 fire dragon simulacra (Elf:1)
  A boggart (Vaults:1)
  3 centaurs (D:11)
  14 ogres
  A phantom (D:6)
  A kobold brigand (D:9)
  Blork the orc (D:6)
  10 small abominations (Lair:5)
  8 bullfrogs
  A scorpion (D:4)
  4 earth elementals
  A glowing shapeshifter simulacrum (Vaults:4)
  21 wights
  An elephant simulacrum (Elf:1)
  5 howler monkeys
  A vampire bat (Elf:1)
  2 electric eels
  5 jellies
  Crazy Yiuf (D:6)
  5 gnoll boudas
  2 hounds
  27 orc priests
  An iguana (D:3)
  29 orc wizards
  4 lightning spires (Elf:1)
  A mummy (Ossuary)
  22 gnolls
  7 adders
  A naga simulacrum (Elf:1)
  2 white imps
  An ufetubus (Vaults:4)
  3 worms
  A dart slug (D:4)
  69 orcs
  3 spectral bats (Ossuary)
  3 ball pythons (D:1)
  A bat (D:2)
  4 endoplasms
  3 giant cockroaches (D:1)
  12 gnoll zombies (Ossuary)
  8 goblins
  4 hobgoblins
  2 jackals (D:4)
  2 quokkas (D:1)
  4 bat simulacra (Ossuary)
  3 frilled lizards
  2 goblin simulacra (Ossuary)
  4 goblin zombies (Ossuary)
  5 hobgoblin zombies (Ossuary)
  14 kobolds
  2 kobold simulacra (Ossuary)
  5 kobold zombies (Ossuary)
  4 orc zombies (Ossuary)
  7 rats
  3 rat simulacra (Ossuary)
  4 spectral goblins (Ossuary)
  A spectral kobold (Ossuary)
  4 spectral rats (Ossuary)
1484 creatures vanquished.

Vanquished Creatures (collateral kills)
  Aizul (Shoals:1)
1 creature vanquished.

Vanquished Creatures (others)
  An ironbound preserver (Vaults:3)
  A deep elf pyromancer (Elf:2)
  A manticore (Shoals:4)
  A hornet (Elf:1)
  A centaur simulacrum (D:13)
  A human (Shoals:1)
  2 water elementals
  A ball lightning (Elf:1)
  A bush (Lair:5)
  35 fungi
  136 plants
  20 tentacles (Shoals:4)
201 creatures vanquished.

Grand Total: 1686 creatures vanquished

Notes
Turn   | Place    | Note
-------+----------+-------------------------------------------
     0 | D:1      | LustLizard the Spriggan Arcane Marksman began the quest for
                  | the Orb.
     0 | D:1      | Reached XP level 1. HP: 9/9 MP: 3/3
   173 | D:1      | Found Daogal's Assorted Antiques.
   226 | D:1      | Reached skill level 1 in Stealth
   324 | D:1      | Found Kiqai's Distillery.
   331 | D:1      | Reached XP level 2. HP: 8/14 MP: 5/5
   854 | D:1      | Found Hoedweci's General Store.
   861 | D:1      | Found Ucsoest's Weapon Shoppe.
   884 | D:1      | Reached skill level 1 in Fighting
   884 | D:1      | Reached skill level 2 in Stealth
   930 | D:1      | Found a faded altar of an unknown god.
  1430 | D:2      | Reached XP level 3. HP: 18/18 MP: 6/6
  1593 | D:2      | Reached skill level 3 in Stealth
  1850 | D:1      | Bought a scroll labelled SUTHYM DEBAUF for 25 gold pieces
  1853 | D:1      | Bought a scroll labelled FOBROM LIHU for 25 gold pieces
  1891 | D:3      | Reached XP level 4. HP: 22/22 MP: 7/7
  2474 | D:3      | Noticed Sigmund
  2764 | D:4      | Noticed Menkaure
  2804 | D:3      | Reached skill level 4 in Stealth
  2850 | D:4      | Found a white marble altar of Elyvilon.
  3052 | D:4      | Noticed a scorpion
  3162 | D:4      | Killed a scorpion
  3163 | D:4      | Reached skill level 5 in Stealth
  3163 | D:4      | Reached XP level 5. HP: 26/26 MP: 4/8
  3266 | D:4      | Noticed an ogre
  3527 | D:4      | Killed an ogre
  3528 | D:4      | Reached XP level 6. HP: 30/30 MP: 9/9
  3731 | D:1      | Bought 2 purple potions for 45 gold pieces
  3731 | D:1      | Bought a scroll labelled ZIUFAPR WUECI for 25 gold pieces
  3731 | D:1      | Bought a scroll labelled FOBROM LIHU for 25 gold pieces
  3731 | D:1      | Bought a scroll labelled OSSOZX LUMAGRA for 25 gold pieces
  3731 | D:1      | Bought a scroll labelled WUFOFIK HEEBB for 25 gold pieces
  3731 | D:1      | Bought a scroll labelled OSSOZX LUMAGRA for 25 gold pieces
  3903 | D:5      | Entered Level 5 of the Dungeon
  3955 | D:5      | Found a staircase to the Ecumenical Temple.
  3962 | D:5      | Reached skill level 6 in Stealth
  3967 | Temple   | Entered the Ecumenical Temple
  3974 | Temple   | Became a worshipper of Dithmenos the Shadowed
  4167 | D:5      | Identified the +8 quarterstaff "Igguivuc" {vorpal, rF- rN+
                  | Will++}
  4181 | D:5      | Reached skill level 7 in Stealth
  4181 | D:5      | Reached XP level 7. HP: 28/35 MP: 10/10
  4216 | D:5      | Found a sand-covered staircase.
  4231 | Ossuary  | Entered an ossuary
  4287 | Ossuary  | Reached skill level 5 in Ranged Weapons
  4344 | Ossuary  | Reached * piety under Dithmenos
  4766 | Ossuary  | Reached ** piety under Dithmenos
  5132 | D:5      | Learned a level 3 spell: Portal Projectile
  5251 | D:6      | Found an ancient bone altar of Kikubaaqudgha.
  5329 | D:6      | Reached skill level 1 in Translocations
  5510 | D:6      | Found Okhlap's Firing Range.
  5516 | D:6      | Bought a +0 hand crossbow for 49 gold pieces
  5548 | D:6      | Noticed Blork the orc
  5590 | D:6      | Killed Blork the orc
  5943 | D:6      | Reached skill level 8 in Stealth
  6562 | D:6      | Reached XP level 8. HP: 40/40 MP: 11/11
  6742 | D:6      | Found a runed translucent door.
  6743 | D:6      | Noticed Crazy Yiuf
  6828 | D:6      | Killed Crazy Yiuf
  6952 | D:4      | Killed Menkaure
  7254 | D:3      | Killed Sigmund
  7473 | D:7      | Reached skill level 9 in Stealth
  7578 | D:7      | Found a runed translucent gate.
  7578 | D:7      | Found a runed translucent gate.
  7580 | D:7      | Found a runed translucent gate.
  8487 | D:7      | Reached XP level 9. HP: 46/46 MP: 10/12
  8514 | D:7      | Found Xeaczeky's Assorted Antiques.
  8522 | D:7      | Bought a scroll labelled FAPPURU BIUGG for 22 gold pieces
  8522 | D:7      | Bought a scroll labelled XUAPPU JUSYNWACS for 22 gold
                  | pieces
  8524 | D:7      | Found a bloodstained altar of Trog.
  8698 | D:7      | Reached skill level 10 in Stealth
  8705 | D:7      | Noticed xian's ghost (amateur DsAK)
  9013 | D:7      | Noticed a skeletal warrior
  9013 | D:7      | Noticed a skeletal warrior
 10035 | D:8      | Found a staircase to the Lair.
 10350 | D:8      | Found a transporter.
 10386 | D:8      | Found a transporter.
 10589 | D:8      | Found a transporter.
 10744 | D:8      | Reached *** piety under Dithmenos
 10756 | D:8      | Reached skill level 5 in Fighting
 10999 | D:8      | Found a transporter.
 11154 | D:8      | Reached skill level 11 in Stealth
 12405 | D:9      | Reached XP level 10. HP: 44/51 MP: 11/13
 12693 | D:9      | Reached **** piety under Dithmenos
 12713 | D:9      | Reached skill level 10 in Ranged Weapons
 13138 | D:9      | Reached skill level 12 in Stealth
 13234 | D:9      | Found a staircase to the Orcish Mines.
 13635 | D:7      | Bought a fine robe for 125 gold pieces
 13635 | D:7      | Identified the +0 robe "Dowkav" {rPois rF+} (You bought it
                  | in a shop on level 7 of the Dungeon)
 13635 | D:7      | Bought a scroll of identify for 44 gold pieces
 13720 | D:7      | Noticed Prince Ribbit
 13795 | D:7      | Killed Prince Ribbit
 13882 | D:7      | Noticed a skeletal warrior
 13883 | D:7      | Noticed a skeletal warrior
 13950 | D:7      | Killed a skeletal warrior
 13996 | D:7      | Killed a skeletal warrior
 14053 | D:7      | Killed a skeletal warrior
 14054 | D:7      | Reached skill level 13 in Stealth
 14340 | D:7      | Killed a skeletal warrior
 14416 | D:10     | Entered Level 10 of the Dungeon
 14557 | D:10     | Found an opulent altar of Gozag.
 14682 | D:10     | Noticed Grum
 14721 | D:10     | Killed Grum
 14749 | D:10     | Noticed a gargoyle
 14906 | D:10     | Killed a gargoyle
 14907 | D:10     | Reached XP level 11. HP: 58/58 MP: 14/14
 14946 | D:10     | Noticed a skeletal warrior
 14946 | D:10     | Noticed a skeletal warrior
 14951 | D:10     | Noticed a skeletal warrior
 14977 | D:10     | Killed a skeletal warrior
 14996 | D:10     | Killed a skeletal warrior
 15758 | D:10     | Noticed Joseph
 15768 | D:10     | Killed Joseph
 16057 | Lair:1   | Entered Level 1 of the Lair of Beasts
 16061 | Lair:1   | Noticed a swamp dragon
 16061 | Lair:1   | a komodo dragon changed into a swamp dragon
 16293 | Orc:1    | Entered Level 1 of the Orcish Mines
 16295 | Orc:1    | Found Hod Zorr's Book Shop.
 16332 | D:9      | Reached ***** piety under Dithmenos
 16558 | D:11     | Noticed Snorg
 16597 | D:11     | Noticed a boulder beetle
 16601 | D:11     | Noticed a two-headed ogre
 16686 | D:11     | Killed a two-headed ogre
 16774 | D:11     | Killed a boulder beetle
 16872 | D:11     | Reached skill level 1 in Invocations
 16978 | D:11     | Identified a scroll of acquirement
 16979 | D:11     | Acquired 902 gold pieces
 17506 | Lair:1   | Learned a level 4 spell: Cause Fear
 18114 | Lair:1   | Noticed a death yak
 18114 | Lair:1   | Noticed a death yak
 18491 | Lair:2   | Reached XP level 12. HP: 64/64 MP: 15/15
 18523 | Lair:2   | Reached skill level 5 in Hexes
 18685 | Lair:2   | Reached skill level 14 in Stealth
 18807 | Lair:2   | Reached skill level 5 in Dodging
 19072 | Lair:2   | Found a staircase to the Snake Pit.
 19253 | Lair:2   | Found a staircase to the Shoals.
 19507 | Lair:3   | Found a transporter.
 19536 | Lair:3   | Noticed a death yak
 19537 | Lair:3   | Noticed a death yak
 19639 | Lair:3   | Noticed Josephine
 19905 | Lair:3   | Killed Josephine
 20224 | Lair:3   | Noticed a hell hog
 20385 | Lair:3   | Noticed a death yak
 20391 | Lair:3   | Killed a death yak
 20392 | Lair:3   | Reached skill level 15 in Stealth
 20408 | Lair:3   | Killed a death yak
 20434 | Lair:3   | Killed a death yak
 20435 | Lair:3   | Reached skill level 5 in Invocations
 20457 | Lair:3   | Found a transporter.
 20462 | Lair:3   | Noticed a hell hog
 20637 | Lair:3   | Noticed a death yak
 20642 | Lair:3   | Killed a death yak
 20719 | Lair:3   | Noticed Xiemaice's ghost (journeyman DrFE)
 20893 | Lair:4   | Found a viscous altar of Jiyva.
 20894 | Lair:4   | Found a staircase to the Slime Pits.
 20948 | Lair:4   | Noticed a death yak
 20949 | Lair:4   | Noticed a death yak
 20950 | Lair:4   | Noticed a death yak
 20951 | Lair:4   | Killed a death yak
 20952 | Lair:4   | Reached XP level 13. HP: 69/69 MP: 16/18
 21858 | Lair:4   | Reached skill level 16 in Stealth
 22207 | Lair:4   | Reached ****** piety under Dithmenos
 22270 | Lair:5   | Entered Level 5 of the Lair of Beasts
 22468 | Lair:5   | Reached skill level 1 in Evocations
 22986 | Lair:5   | Reached skill level 1 in Shields
 22996 | Lair:5   | Reached skill level 10 in Dodging
 23003 | Lair:5   | Reached skill level 15 in Ranged Weapons
 23025 | Lair:5   | Reached skill level 17 in Stealth
 23326 | Lair:5   | Reached XP level 14. HP: 75/75 MP: 19/19
 23923 | Lair:5   | Reached skill level 5 in Evocations
 24172 | Lair:5   | Found a corrupted altar of Lugonu.
 24172 | Lair:5   | Found a one-way gate to the infinite horrors of the Abyss.
 25162 | D:12     | Reached skill level 18 in Stealth
 25168 | D:12     | Identified the +9 trident of Giegg {vorpal, rElec rC+ Int+4
                  | SInv}
 25266 | D:12     | Found Beseth's Distillery.
 26098 | D:13     | Identified the +7 quarterstaff "Xamnuxott" {vorpal, rN+}
 26773 | D:13     | Reached XP level 15. HP: 47/80 MP: 20/20
 27384 | Orc:1    | Found Woun's Book Shoppe.
 27435 | Orc:1    | Found Vyczof's Distillery.
 27670 | Orc:2    | Entered Level 2 of the Orcish Mines
 27932 | Orc:2    | Reached skill level 19 in Stealth
 28037 | Orc:2    | Found a burning altar of Makhleb.
 28098 | Orc:2    | Noticed Nergalle
 28143 | Orc:2    | Killed Nergalle
 28154 | Orc:2    | Noticed Saint Roka
 28174 | Orc:2    | Noticed Urug
 28232 | Orc:2    | Killed Urug
 28233 | Orc:2    | Reached skill level 5 in Shields
 28988 | Orc:2    | Found Ycvokoibb's Book Boutique.
 28992 | Orc:2    | Found Paup's Antique Weapon Boutique.
 29011 | Orc:1    | Found Guicumom's Weapon Shop.
 29494 | Orc:2    | Found a staircase to the Elven Halls.
 29652 | Orc:2    | Found Molij's Antique Armour Boutique.
 29826 | Orc:2    | Killed Saint Roka
 29940 | Orc:2    | Found Seodd's General Store.
 29987 | Orc:1    | Bought a book of Spatial Translocations for 364 gold pieces
 29990 | Orc:1    | Learned a level 2 spell: Blink
 30168 | Orc:1    | Noticed Sonja
 30508 | D:14     | Reached skill level 10 in Fighting
 30640 | D:14     | Found a gate to the Vaults.
 30660 | D:14     | Reached skill level 10 in Evocations
 31109 | D:14     | Found Zin's Purification Station.
 31112 | D:14     | Found a glowing silver altar of Zin.
 31424 | D:14     | Noticed Jorgrun
 31608 | D:15     | Entered Level 15 of the Dungeon
 31772 | D:15     | Found Geruuvat's Distillery.
 32119 | D:15     | Found an ancient bone altar of Kikubaaqudgha.
 32418 | D:15     | Found a staircase to the Depths.
 32451 | D:15     | Found a blossoming altar of Fedhas.
 32633 | Shoals:1 | Entered Level 1 of the Shoals
 32646 | Shoals:1 | Noticed Kirke
 32940 | Lair:2   | Killed Kirke
 32941 | Lair:2   | Reached XP level 16. HP: 85/85 MP: 21/21
 33058 | Shoals:1 | Noticed Aizul
 34494 | Snake:1  | Entered Level 1 of the Snake Pit
 36626 | Snake:2  | Noticed Vashnia
 36704 | Snake:2  | Found a large runed translucent door.
 36704 | Snake:2  | Found a large runed translucent door.
 36705 | Snake:2  | Noticed TheUltimateLifeform's ghost (adept HOFi)
 37963 | Snake:3  | Noticed Louise
 38065 | Snake:3  | Noticed Mlioglotl
 38390 | Snake:2  | Killed TheUltimateLifeform's ghost
 38750 | Snake:2  | Got the Lectures on Rank Hypothermia
 38773 | Snake:3  | Found a runed translucent door.
 38773 | Snake:3  | Noticed Dittersdorf's ghost (adept MiBe)
 38925 | Snake:3  | Noticed a tentacled starspawn
 38926 | Snake:3  | Killed Mlioglotl
 39129 | Snake:3  | Noticed Azrael
 39143 | Snake:3  | Killed Azrael
 39222 | Snake:3  | Reached XP level 17. HP: 89/89 MP: 23/23
 39226 | Snake:3  | Reached skill level 20 in Stealth
 39292 | Snake:3  | Found Tegely's Distillery.
 39305 | Snake:3  | Found Quclig's Jewellery Boutique.
 39306 | Snake:3  | Found Fuwechoi's Magic Scroll Emporium.
 39314 | Snake:3  | Bought a scroll of enchant armour for 150 gold pieces
 39796 | Snake:3  | Killed Dittersdorf's ghost
 39935 | Snake:4  | Entered Level 4 of the Snake Pit
 40679 | Snake:4  | Reached skill level 10 in Hexes
 44518 | Snake:4  | Got a serpentine rune of Zot
 44665 | Snake:2  | Killed Vashnia
 44666 | Snake:2  | Reached skill level 21 in Stealth
 45225 | Shoals:1 | Killed Aizul
 45799 | Shoals:1 | Noticed Frances
 47245 | Shoals:2 | Reached XP level 18. HP: 93/93 MP: 25/25
 47375 | Shoals:2 | Found Tyor's Antique Weapon Emporium.
 48513 | Shoals:3 | Identified Roxanne's Essays on the Rocks
 48513 | Shoals:3 | Noticed Roxanne
 49288 | Shoals:4 | Entered Level 4 of the Shoals
 49288 | Shoals:4 | Found Vull's Magic Scroll Boutique.
 49481 | Shoals:4 | Bought a scroll of summoning for 114 gold pieces
 49481 | Shoals:4 | Bought a scroll of brand weapon for 114 gold pieces
 49530 | Shoals:4 | Noticed Bai Suzhen
 49558 | Shoals:4 | Identified the ring "Zimacon" {MP+9 Slay+3}
 49726 | Shoals:4 | Reached skill level 10 in Shields
 49847 | Shoals:4 | Found Uxzel's General Store.
 49919 | Shoals:4 | Found Zujezynn's Distillery.
 49980 | Shoals:4 | Noticed Nikola
 50507 | Shoals:4 | Found Ceenn's Jewellery Emporium.
 50658 | Shoals:4 | Bought the ring of the Endless Expanse {AC+4 Int+3} for 542
                  | gold pieces
 51191 | Shoals:4 | Found the +8 Vampire's Tooth {vamp}
 51815 | Shoals:4 | Got a barnacled rune of Zot
 51990 | Shoals:3 | Killed Roxanne
 52062 | Shoals:1 | Killed Frances
 52063 | Shoals:1 | Reached skill level 10 in Invocations
 52507 | Depths:1 | Entered Level 1 of the Depths
 53159 | D:15     | Reached skill level 22 in Stealth
 53685 | Elf:1    | Entered Level 1 of the Elven Halls
 53794 | Vaults:1 | Entered Level 1 of the Vaults
 54309 | Vaults:1 | Found Joboeroja's General Store.
 56462 | Vaults:1 | Reached XP level 19. HP: 98/98 MP: 27/27
 56745 | Vaults:1 | Reached skill level 15 in Evocations
 56929 | Vaults:2 | Found Gollyn's Antique Weapon Emporium.
 56962 | Vaults:2 | Identified the +8 dagger "Vennuv" {venom, Will+ rCorr Str+3
                  | Int+4}
 57992 | Vaults:2 | Reached skill level 23 in Stealth
 58255 | Vaults:2 | Found a white marble altar of Elyvilon.
 58255 | Vaults:2 | Found a glowing silver altar of Zin.
 58255 | Vaults:2 | Found a glowing golden altar of the Shining One.
 59639 | Vaults:2 | Reached skill level 15 in Dodging
 62158 | Vaults:3 | Found a staircase to the Crypt.
 62878 | Vaults:3 | Identified the ring of Trepidation {Wiz rN+ Will- Str-4
                  | Dex+6}
 63317 | Vaults:3 | Reached skill level 15 in Hexes
 64101 | Vaults:3 | Noticed an ancient lich
 65721 | Elf:1    | Reached XP level 20. HP: 104/104 MP: 28/28
 66544 | Elf:1    | Got Usasku's Atlas of the Legion
 66820 | Elf:1    | Got the Monograph on Shapeshifting
 68856 | Elf:1    | Got the Secrets of Envenoming
 68899 | Elf:1    | You fall into a shaft and drop 1 floor!
 68928 | Elf:2    | Reached skill level 5 in Spellcasting
 70408 | Elf:2    | Found Rucwum's Antique Weapon Shop.
 71277 | Elf:2    | Found a huge runed translucent gate.
 71277 | Elf:2    | Found a huge runed translucent gate.
 71278 | Elf:2    | Found a huge runed translucent gate.
 71278 | Elf:2    | Found a huge runed translucent gate.
 71279 | Elf:2    | Found a huge runed translucent gate.
 74322 | D:15     | Noticed a golden dragon
 74344 | D:15     | Noticed a caustic shrike
 74344 | D:15     | an iron dragon changed into a caustic shrike
 74352 | D:15     | a caustic shrike changed into an acid blob
 75172 | Vaults:3 | Found the ring of the Octopus King {rF+ HP+2 AC+2 EV+2
                  | SH+2}
 75992 | Vaults:4 | Reached XP level 21. HP: 105/110 MP: 34/34
 77388 | Vaults:3 | HP: 2/110 [tengu reaver/bolt of cold (45)]
 77389 | Vaults:3 | Mangled by a tengu reaver

Illustrated notes

Levels and vault maps discovered:
D:1:      tarquinn_simple_flora_water_f, layout_basic, serial_shops, shop, shop,
          nicolae_shop_trees, shop_fountains,
          shapermc_ecumenical_altar_flowoftime
D:2:      layout_rooms
D:3:      layout_loops_corners, uniq_sigmund
D:4:      layout_rooms, lemuel_round_altar, minmay_pentangle, uniq_menkaure
D:5:      layout_basic, minmay_temple_entry_hall,
          lightli_ossuary_entry_decrepit_ruins, nicolae_elevator_lobby_plus
D:6:      layout_cave_pools, mainiacjoe_overflow_concentric_impassable,
          nicolae_shop_firing_range, uniq_crazy_yiuf_cottage, uniq_blork_the_orc
D:7:      layout_basic, lightli_temple_of_fire, serial_shops,
          nicolae_shop_crystal, gammafunk_ghost_split, lightli_minifort,
          uniq_prince_ribbit1
D:8:      layout_basic, lair_entry_dummy, nicolae_transporter_intersection
D:9:      layout_loops_ring, erik_orc_4, enter_bailey_3
D:10:     layout_roguey [special_room_bee], grunt_gozag_breadcrumbs,
          columned_hall_lemuel, uniq_grum, uniq_joseph
D:11:     layout_cave_pools, uniq_snorg
D:12:     layout_gridville, serial_shops, shop
D:13:     layout_cave_pools, minmay_shattered_shrine
D:14:     layout_gridville, erik_vaults_2, minmay_stone_trees_small,
          minivault_11, zin_purify, uniq_jorgrun
D:15:     gammafunk_enter_depths_forms, layout_rooms, fedhas_altar_3,
          serial_shops, nicolae_shop_waterfront,
          nicolae_kikubaaqudgha_miasma_corner
Temple:   hc_temple_tempest_star
Lair:1:   layout_regular_city, nicolae_volcano_entry_batcave,
          grunt_forest_large_clearing_hut
Lair:2:   layout_chaotic_city, minmay_shoals_entry_hut,
          minmay_snake_entry_guardpost_small, nicolae_quartered_pool_super
Lair:3:   layout_cave_shapes, gammafunk_ghost_abyssal_escape,
          serial_bayou_pond_d, uniq_josephine
Lair:4:   cheibrodos_lair_overgrown_chateau, layout_loops_ring,
          minmay_slime_entry_pillars, st_stairs_11
Lair:5:   hellmonk_lair_end_abyssal_woods, layout_layer_cave
Shoals:1: layout_shoals, uniq_kirke, uniq_frances, uniq_aizul
Shoals:2: layout_shoals, serial_shops, nicolae_shop_hallway_plus,
          nzn_prometheus_bound
Shoals:3: layout_shoals, uniq_roxanne
Shoals:4: shoals_end_simple, layout_shoals, serial_shops, shop, shop,
          nicolae_shop_crystal, shop, nicolae_shoals_lost_giant_baths,
          nicolae_shoals_kraken_intersection, uniq_nikola, uniq_bai_suzhen
Snake:1:  layout_misc_corridors, serial_bayou_shore_a, serial_bayou_shore_b
Snake:2:  layout_rooms, ebering_ghost_disaster_area, special_room,
          uniq_saint_roka, uniq_vashnia
Snake:3:  layout_onion, gammafunk_ghost_grave, grunt_ministairs_15,
          nicolae_snake_serpentine_bazaar, uniq_mlioglotl, uniq_louise,
          uniq_azrael
Snake:4:  snake_pit_salamanders_mu, layout_cave_shapes, grunt_ministairs_12
Orc:1:    layout_diamond_mine, serial_shops, shop, shop, shop_statue,
          nicolae_shop_statue_plus, shop, uniq_sonja
Orc:2:    grunt_orc_cross, layout_caves, basic_altar
Elf:1:    layout_gridlike, serial_hangedman_research,
          hangedman_research_toxicology, hangedman_research_quantum,
          hangedman_research_electronics, hangedman_research_metamorphosis,
          hangedman_research_geology, hangedman_research_thermodynamics,
          minmay_elf_demonology
Elf:2:    elven_hall_of_blades_hangedman_alternative [nicolae_blade_tridents],
          layout_gridlike, serial_shops, shop
Vaults:1: ontoclasm_vaults_misaligned, vaults_room_door_ring,
          dpeg_vaults_monster_row, hangedman_vaults_nails, vaults_mumra_hexcomb,
          nicolae_vaults_little_squares_5, nicolae_vaults_little_squares_3,
          layout_vaults_omnigrid, serial_shops, nicolae_shop_waterfront
Vaults:2: portal_desolation_entry_holy_temple, v_misc_15, v_alt_pattern_1,
          st_quartered_hall, vaults_mumra_minichess, ontoclasm_vaults_chip,
          hangedman_vaults_restitches, nicolae_vaults_sealed_display,
          vaults_dpeg_encased_lava, hangedman_vaults_impose,
          layout_vaults_chaotic_city, serial_shops, nicolae_shop_statue_plus
Vaults:3: nicolae_vaults_border_crossing, st_greater_box_2, vaults_room_octagon,
          vaults_mumra_minichess_inversion, v_alt_pattern_5,
          grunt_vaults_trifunnel, v_misc_32, minmay_crypt_entry_simple_statues,
          ontoclasm_vaults_hangar, nicolae_vaults_alarming,
          nicolae_vaults_little_squares_6, layout_vaults_big_cross
Vaults:4: vaults_room_fours, nicolae_vaults_disjoint_gnomons, v_alt_pattern_4,
          v_alt_pattern_6, hangedman_vaults_hard_town_square, v_misc_11,
          nicolae_vaults_windows_and_doors_thing, vaults_room_fours,
          grunt_vaults_bifocal, ontoclasm_vaults_shuriken,
          nicolae_vaults_little_squares_2, vaults_room_grid,
          nicolae_vaults_gold_heap, hangedman_vaults_impose, serial_ice_g,
          layout_vaults_maze, serial_shops, nicolae_shop_crystal
Depths:1: layout_roguey, hellmouth_3, serial_shops, nicolae_take_the_stairs,
          abyss_entry, nicolae_figureground_pulse

Skill      XL: |  1  2  3  4  5  6  7  8  9 10 11 12 13 14 15 16 17 18 19 20 |
---------------+-------------------------------------------------------------+-----
Stealth        | 1 2 3 5 7 8 9 11 13 15 17 18 19 21 22 23 | 23.6
Hexes          | 4 7 8 9 11 13 15 17 | 17.2
Fighting       | 1 2 3 4 5 6 8 9 10 11 | 11.8
Ranged Weapons | 3 4 6 7 9 11 13 14 15 17 18 19 | 19.3
Translocations | 3 4 |  4.0
Dodging        | 4 7 10 11 13 16 | 16.0
Invocations    | 2 5 6 7 9 10 | 10.0
Evocations     | 4 8 10 11 13 14 15 | 15.0
Shields        | 1 4 7 8 9 10 | 10.9
Spellcasting   | 8 |  8.0

Action                   |  1- 3 |  4- 6 |  7- 9 | 10-12 | 13-15 | 16-18 | 19-21 || total
-------------------------+-------+-------+-------+-------+-------+-------+-------++-------
 Fire: Sling             |   103 |   132 |   985 |   237 |       |       |       ||  1457
       Hand crossbow     |       |       |     2 |   505 |  1201 |  1809 |  1479 ||  4996
 Cast: Slow              |     2 |    16 |    75 |     8 |       |       |       ||   101
       Portal Projectile |       |       |       |       |       |     1 |       ||     1
Evoke: Wand              |       |       |       |     3 |       |     1 |       ||     4
  Use: Scroll            |     4 |     5 |     8 |    18 |     8 |    15 |     7 ||    65
       Potion            |       |       |     1 |       |     3 |     9 |     7 ||    20
Armor: Robe              |     1 |     2 |    18 |     8 |    10 |    20 |    18 ||    77
Dodge: Dodged            |    28 |    36 |   273 |   139 |   277 |   374 |   295 ||  1422
Block: Other             |       |    11 |    67 |    26 |    34 |       |       ||   138
       Reflection        |       |       |     2 |     2 |    33 |    81 |    64 ||   182
       Buckler           |       |       |       |       |   157 |   371 |   303 ||   831
